 Dungeon Crawl Stone Soup version 0.30-b1-2-g02819fbbbe (webtiles) character file.

Game seed: 13317359098327447667

38 Alarkh the Sneak (level 3, -5/29 HPs)
             Began as a Demonspawn Delver on May 22, 2023.
             Was a Follower of Uskayaw.
             Slain by an ogre
             ... wielding a +0 giant spiked club
              (16 damage)
             ... on level 5 of the Dungeon.
             The game lasted 00:01:24 (685 turns).

Alarkh the Sneak (Demonspawn Delver)                 Turns: 685, Time: 00:01:25

Health: -5/29      AC:  4    Str: 12    XL:     3   Next: 25%
Magic:  3/3        EV: 11    Int: 13    God:    Uskayaw [*.....]
Gold:   64         SH:  0    Dex: 14    Spells: 2/2 levels left

rFire   . .          .
                       - Unarmed
rCold   . . .        (no shield)
rNeg    . . .        a - +0 leather armour
rPois   .            (no helmet)
rElec   .            (no cloak)
rCorr   .            (no gloves)
SInv    .            (no boots)
Will    .....        (no amulet)
Stlth   ++           (no ring)
HPRegen 0.24/turn    (no ring)
MPRegen 0.08/turn

%: no passive effects
@: no status effects
A: spiny 1, sharp scales 1
a: Renounce Religion, Stomp


You were on level 5 of the Dungeon.
You worshipped Uskayaw.
Uskayaw was noncommittal.
You visited 2 branches of the dungeon, and saw 3 of its levels.

You collected 64 gold pieces.

Inventory:

Armour
 a - a +0 leather armour (worn)
Wands
 f - a wand of digging (3)
Scrolls
 b - a scroll of fog
 c - a scroll of magic mapping
 d - a scroll of fear


   Skills:
 - Level 3.0 Fighting
 - Level 1.7 Dodging
 - Level 4.5 Stealth
 + Level 3.4 Unarmed Combat


You had 2 spell levels left.
You didn't know any spells.
Your spell library was empty.

Dungeon Overview and Level Annotations

Branches:
Dungeon (5/15)             Temple (1/1) D:5

Altars:
Cheibriados
Dithmenos
Fedhas
Gozag
Kikubaaqudgha
Makhleb
Nemelex Xobeh
Okawaru
Ru
Trog
Uskayaw
Vehumet
Wu Jian
Xom
Yredelemnul


Innate Abilities, Weirdness & Mutations

You are partially covered in sharp spines.
You are partially covered in razor-sharp scales. (AC +1, Slay +1)


Message History

Press < or > to pray at altars.
Unknown command.
Press < or > to pray at altars.
Unknown command.
Press < or > to pray at altars.
There is an open door here.
There is a staircase back to the Dungeon here.
It was a potion of cancellation.
You feel magically purged.
As you read the scroll labelled HUBONO MEMUKK, it crumbles to dust.
It is a scroll of identify.
You don't currently have any unidentified items.
You climb upwards.
The ogre barely misses you.
There is a staircase to the Ecumenical Temple here.
The ogre attacks as you move away! The ogre is struck by your spines.
The ogre misses you.
Okay, then.
You see here a +0 robe.
Things that are here:
a +0 club; an orc skeleton A shadow imp comes into view.
The shadow imp shouts!
The shadow imp gestures at you. Pain shoots through your body!
The shadow imp gestures at you. Pain shoots through your body!
The shadow imp hits you but does no damage.
You hit the shadow imp.
The shadow imp is severely wounded.
The shadow imp barely misses you.
You hit the shadow imp but do no damage.
The shadow imp is severely wounded.
The ogre is struck by your spines. The ogre closely misses you.
The shadow imp is struck by your spines.
The shadow imp hits you but does no damage.
You can now stomp with the beat.
You hit the shadow imp.
You kill the shadow imp!
The ogre hits you with a +0 giant spiked club!
Ouch! That really hurt!
You die...

#.# #.# #.# #.#
..# #.# . #.# .##
#.# #.## #.# #..
####.# #.# #....#
#@# #.#### #O# #.#
#.# #.# #.# #.#
##### #.# #.#
##...## #.# #.#
##.....###.# #.#
##.......##)# #.#
#.........#.####.#


You could see an ogre.

Vanquished Creatures
  A hound (D:5)
  A shadow imp (D:5)
  An orc (D:5)
  An endoplasm (D:4)
  A goblin (D:5)
  2 jackals
  A quokka (D:4)
8 creatures vanquished.

Notes
Turn   | Place    | Note
-------+----------+-------------------------------------------
     0 | D:5      | Alarkh the Demonspawn Delver began the quest for the Orb.
     0 | D:5      | Reached XP level 1. HP: 18/18 MP: 1/1
   234 | D:5      | Noticed a hound
   244 | D:5      | Gained mutation: You are partially covered in sharp spines.
                  | [demonic ancestry]
   244 | D:5      | Reached XP level 2. HP: 14/24 MP: 2/2
   252 | D:5      | Gained mutation: You are partially covered in razor-sharp
                  | scales. (AC +1, Slay +1) [demonic ancestry]
   252 | D:5      | Reached XP level 3. HP: 4/29 MP: 3/3
   393 | D:5      | Found a staircase to the Ecumenical Temple.
   393 | D:5      | Noticed an ogre
   400 | Temple   | Entered the Ecumenical Temple
   638 | Temple   | Became a worshipper of Uskayaw the Reveller
   684 | D:5      | Reached * piety under Uskayaw
   685 | D:5      | Slain by an ogre

Illustrated notes

Levels and vault maps discovered:
D:4:      layout_cave_pools, serial_shops, nicolae_shop_real_fake_doors,
          nicolae_shop_advertising_works [nicolae_subvault_shop_adworks],
          nicolae_shop_bloodbath_and_beyond, shop, st_stairs_1, uniq_natasha,
          uniq_blork_the_orc, uniq_crazy_yiuf_cottage
D:5:      layout_loops_ring, minmay_temple_entry_drinking_statues,
          minmay_joined_circles
Temple:   mainiacjoe_temple_bowtie_tessellation

Skill      XL: |  1  2 |
---------------+-------+-----
Unarmed Combat | 2 3 |  3.4
Fighting       | |  3.0
Dodging        | |  1.7
Stealth        | |  4.5

Action                     || total
---------------------------++-------
  Melee: Unarmed           ||    37
    Use: Potion            ||     2
         Scroll            ||     1
   Stab: Sleeping          ||     1
 Armour: Leather armour    ||    14
  Dodge: Dodged            ||    27
